 Dungeon Crawl Stone Soup version 0.22-a0-533-g4d20840 (webtiles) character file.

127 Mgcat the Chopper (level 5, -3/42 HPs)
             Began as a Hill Orc Gladiator on June 22, 2018.
             Was an Initiate of Makhleb.
             Killed from afar by an orc wizard (8 damage)
             ... with a magic dart
             ... on level 3 of the Dungeon.
             The game lasted 00:04:55 (2098 turns).

Mgcat the Chopper (Hill Orc Gladiator)              Turns: 2098, Time: 00:04:55

Health: -3/42      AC: 11    Str: 18    XL:     5   Next: 11%
Magic:  5/5        EV:  6    Int: 13    God:    Makhleb [......]
Gold:   196        SH:  0    Dex: 16    Spells: 4/4 levels left

rFire    . . .     SeeInvis .   a - +0 war axe
rCold    . . .     Gourm    .   (no shield)
rNeg     . . .     Faith    .   q - +0 plate armour
rPois    .         Spirit   .   n - +1 hat
rElec    .         Reflect  .   (no cloak)
rCorr    .         Harm     .   (no gloves)
MR       .....                  (no boots)
Stlth    ..........             (no amulet)
HPRegen  0.14/turn              p - +4 ring of dexterity (curse)
MPRegen  0.09/turn              (no ring)

@: brilliant, slowed, very slow
A: no striking features
a: Renounce Religion


You were on level 3 of the Dungeon.
You worshipped Makhleb.
Makhleb was noncommittal.
You were not hungry.

You visited 1 branch of the dungeon, and saw 3 of its levels.

You collected 196 gold pieces.

Inventory:

Hand Weapons
 a - a +0 war axe (weapon)
Missiles
 d - 4 throwing nets {=f, !d}
Armour
 n - a +1 hat (worn)
   (You found it on level 2 of the Dungeon)
 q - a +0 plate armour (worn)
   (You found it on level 2 of the Dungeon)
Jewellery
 p - a cursed +4 ring of dexterity (left hand)
   (You found it on level 2 of the Dungeon)
Scrolls
 b - a scroll of identify {unknown}
 e - 7 scrolls of remove curse {unknown}
 h - a scroll of fear {unknown}
 i - a scroll of blinking {unknown}
 l - a scroll of fog {unknown}
 m - a scroll of enchant weapon {unknown}
 o - a scroll of magic mapping {unknown}
Potions
 g - a potion of resistance {unknown}
 j - a potion of might {unknown}
 k - a potion of lignification {unknown}
 r - a potion of mutation {unknown}
 s - a potion of brilliance
Comestibles
 c - 2 chunks of flesh {@w0}
 f - 8 rations


   Skills:
 - Level 2.4 Fighting
 + Level 7.5 Axes
 - Level 1.7 Throwing
 - Level 2.4 Dodging


You had 4 spell levels left.
You didn't know any spells.
Your spell library was empty.

Dungeon Overview and Level Annotations

Branches:
Dungeon (3/15)

Altars:
Kikubaaqudgha
Makhleb
Nemelex Xobeh
Trog
Uskayaw


Message History

The orc wizard blinks!
The orc hits you but does no damage.
You hit the orc.
The orc is moderately wounded.
The orc wizard mumbles some strange words.
The orc wizard blinks!
The orc barely misses you. The orc hits you but does no damage.
You slash the orc!
You kill the orc!
Makhleb accepts your kill.
A hobgoblin comes into view. It is wielding a club.
The orc wizard barely misses you. The orc wizard casts a spell at you.
The magic dart hits you!
The orc wizard hits you but does no damage.
You hit the orc wizard.
The orc wizard is lightly wounded.
You hit the orc wizard but do no damage.
The orc wizard hits you but does no damage.
The orc wizard casts a spell.
The orc wizard blinks!
The orc wizard hits you but does no damage.
You hit the orc wizard but do no damage.
The orc wizard closely misses you. The orc wizard barely misses you.
The orc wizard hits you but does no damage.
Your plate armour prevents you from hitting the orc wizard.
The orc wizard hits you but does no damage.
The orc wizard barely misses you.
You slash the orc wizard!
The orc wizard is severely wounded.
You slash the hobgoblin!
You kill the hobgoblin!
Makhleb accepts your kill.
The orc wizard hits you but does no damage. x3
You hit the orc wizard but do no damage.
The orc wizard is severely wounded.
The orc wizard hits you but does no damage.
The orc wizard mumbles some strange words.
The orc wizard seems to speed up.
The orc wizard hits you but does no damage.
The orc wizard casts a spell at you.
You feel as though you will be slow longer.
You closely miss the orc wizard.
The orc wizard is severely wounded.
The orc wizard hits you but does no damage.
The orc wizard gestures wildly while chanting.
The orc wizard blinks!
The orc wizard hits you but does no damage.
The orc wizard casts a spell at you. The magic dart hits you!
The orc wizard hits you but does no damage.
You are too injured to fight recklessly!
You are too injured to fight recklessly!
You are too injured to fight recklessly!
You are too injured to fight recklessly!
You are too injured to fight recklessly!
You slash the orc wizard!
You kill the orc wizard!
Makhleb accepts your kill.
You have reached level 5!
You feel stronger. The orc wizard casts a spell at you.
The magic dart hits you!
The orc wizard gestures at you while chanting.
The magic dart hits you!
Unknown command.
Unknown command.
Unknown command.
Unknown command.
Things that are here:
a club; a hobgoblin corpse The orc wizard hits you with a dagger.
The orc wizard hits you but does no damage.
You closely miss the orc wizard.
The orc wizard is lightly wounded.
The orc wizard hits you but does no damage. x2
You closely miss the orc wizard.
The orc wizard is lightly wounded.
The orc wizard hits you but does no damage. x2
The orc wizard barely misses you.
You slash the orc wizard!
The orc wizard is heavily wounded.
The orc wizard barely misses you.
The orc wizard hits you but does no damage.
You slash the orc wizard!
The orc wizard is almost dead.
The orc wizard gestures wildly while chanting.
The orc wizard blinks!
The orc wizard points at you and mumbles some strange words.
The magic dart hits you!
The orc wizard points at you and mumbles some strange words.
The magic dart hits you!
* * * LOW HITPOINT WARNING * * *
The orc wizard casts a spell at you. The magic dart hits you!
* * * LOW HITPOINT WARNING * * *
It was a potion of brilliance.
You feel clever all of a sudden.
The orc wizard gestures at you while chanting.
The magic dart hits you!
You die...

### #### #.. ..#
#.####.##
###.###.#).)..#
.......@.)##..##
###.###o####.(.#
#.####...#
#........#
######.### #.#
####### #.#
#.....# #.#
#.....# #.#


You could see an orc wizard.

Vanquished Creatures
  Natasha (D:2)
  An orc wizard (D:3)
  An adder (D:2)
  A dart slug (D:1)
  4 leopard geckos
  An orc (D:3)
  2 giant cockroaches
  6 goblins
  3 hobgoblins
  A quokka (D:2)
  12 bats
  4 frilled lizards
  10 kobolds
  9 rats
56 creatures vanquished.

Notes
Turn   | Place    | Note
-------+----------+-------------------------------------------
     0 | D:1      | Mgcat the Hill Orc Gladiator began the quest for the Orb.
     0 | D:1      | Reached XP level 1. HP: 18/18 MP: 1/1
    80 | D:1      | Reached XP level 2. HP: 23/25 MP: 2/2
   178 | D:1      | Reached skill level 5 in Axes
   627 | D:1      | Reached XP level 3. HP: 24/30 MP: 3/3
   924 | D:2      | Reached skill level 6 in Axes
  1131 | D:2      | Found a hide-covered altar of Uskayaw.
  1131 | D:2      | Found an ancient bone altar of Kikubaaqudgha.
  1137 | D:2      | Found a burning altar of Makhleb.
  1139 | D:2      | Found a sparkling altar of Nemelex Xobeh.
  1141 | D:2      | Found a bloodstained altar of Trog.
  1149 | D:2      | Became a worshipper of Makhleb the Destroyer
  1172 | D:2      | Noticed Natasha
  1179 | D:2      | Killed Natasha
  1179 | D:2      | Reached XP level 4. HP: 22/37 MP: 4/4
  1937 | D:3      | Reached skill level 7 in Axes
  2090 | D:3      | Reached XP level 5. HP: 23/42 MP: 5/5
  2096 | D:3      | HP: 10/42 [orc wizard/magic dart (5)]
  2098 | D:3      | Killed from afar by an orc wizard

Vault maps used:
D:1:      dpeg_arrival_pits
D:2:      chequers_temple_overflow_minitemple, minmay_mini_jars, uniq_natasha
D:3:      first_ration

Skill      XL: |  1  2  3  4 |
---------------+-------------+-----
Axes           | 5 6 7 |  7.5
Fighting       | |  2.4
Throwing       | |  1.7
Dodging        | |  2.4

Action                   |  1- 3 |  4- 6 || total
-------------------------+-------+-------++-------
Melee: War axe           |   122 |    43 ||   165
  Use: Potion            |       |     1 ||     1
  Eat: Chunk             |     1 |     3 ||     4
Armor: Leather armour    |    38 |       ||    38
       Plate armour      |    35 |    44 ||    79
Dodge: Dodged            |    88 |    17 ||   105

Table legend:
 A = Spawn XP
 B = Non-spawn XP
 C = Spawn XP percentage of total XP
 D = Spawn monster count
 E = Non-spawn monster count
 F = Spawn count percentage of total count
 G = Total turns spent on level
                    A         B        C        D         E        F      G
               +---------+---------+-------+---------+---------+-------+---------
         Total |       0 |     182 |   0.0 |       0 |      56 |   0.0 |  2098
               +---------+---------+-------+---------+---------+-------+---------
           D:1 |       0 |      35 |   0.0 |       0 |      20 |   0.0 |   683
           D:2 |       0 |      83 |   0.0 |       0 |      21 |   0.0 |   886
           D:3 |       0 |      64 |   0.0 |       0 |      15 |   0.0 |   529
               +---------+---------+-------+---------+---------+-------+---------

Vault maps used:
D:1:      dpeg_arrival_pits
D:2:      chequers_temple_overflow_minitemple, minmay_mini_jars, uniq_natasha
D:3:      first_ration

Table legend:
 A = Turns spent in this place as a percentage of turns spent in the entire game.
 B = Non-inter-level travel turns spent in this place as a percentage of non-inter-level travel turns spent in the entire game.
 C = Inter-level travel turns spent in this place as a percentage of turns spent in this place.
 D = Turns resting spent in this place as a percentage of non-inter-level travel turns spent in this place.
 E = Turns spent auto-exploring this place as a percentage of non-inter-level travel turns spent in this place.
 F = Non-inter-level travel turns spent in this place divided by the number of levels of this place that you've seen.
                   A       B       C       D       E      F
               +-------+-------+-------+-------+-------+----------------------
         Total | 100.0 | 100.0 |   3.7 |   0.0 |  82.3 | 673.3
       Dungeon | 100.0 | 100.0 |   3.7 |   0.0 |  82.3 | 673.3
               +-------+-------+-------+-------+-------+----------------------

Table legend:
 A = Kills in this place as a percentage of kills in entire the game.
 B = Kills by you in this place as a percentage of kills by you in the entire game.
 C = Kills by friends in this place as a percentage of kills by friends in the entire game.
 D = Other kills in this place as a percentage of other kills in the entire game.
 E = Experience gained in this place as a percentage of experience gained in the entire game.
 F = Experience gained in this place divided by the number of levels of this place that you have seen.
                   A       B       C       D       E      F
               +-------+-------+-------+-------+-------+----------------------
         Total | 100.0 | 100.0 |   N/A |   N/A | 100.0 |  60.7
       Dungeon | 100.0 | 100.0 |   N/A |   N/A | 100.0 |  60.7
               +-------+-------+-------+-------+-------+----------------------
